 Dungeon Crawl Stone Soup version 0.31-a0-920-g28cbb04a8c (webtiles) character file.

Game seed: 12143670163568478342

3442 runemasterragnar the Grappler (level 9, -6/68 HPs)
             Began as a Demonspawn Shapeshifter on Oct 17, 2023.
             Mangled by a +2 spectral quarterstaff (11 damage)
             ... created by Joseph
             ... on level 7 of the Dungeon on Oct 18, 2023.
             The game lasted 00:11:39 (8383 turns).

runemasterragnar the Grappler (DsSh)                Turns: 8383, Time: 00:11:39

Health: -6/68      AC:  8    Str: 25    XL:     9   Next: 77%
Magic:  9/9        EV: 10    Int: 12    God:
Gold:   212        SH:  0    Dex: 12    Spells: 8/8 levels left

rFire   . .          .
                       - Unarmed
rCold   . . .        (shield currently unavailable)
rNeg    . . .        p - +1 scale mail
rPois   .            (helmet restricted)
rElec   .            o - +0 cloak
rCorr   .            (no gloves)
SInv    .            (no boots)
Will    .....        (no amulet) Stlth
                     q - +6 ring of strength
HPRegen 0.31/turn    n - ring of flight
MPRegen 0.11/turn

%: no passive effects
@: flux-form, flying, glowing
A: glow, contaminating, reduced hp, antennae 2, demonic guardian 1
a: Begin Untransformation


You were on level 7 of the Dungeon.
You were something dangerously unstable.
You visited 1 branch of the dungeon, and saw 7 of its levels.

You collected 212 gold pieces.

Inventory:

Hand Weapons
 b - a +1 dagger of venom
 e - a +0 long sword
Armour
 a - a +0 animal skin
 o - a +0 cloak (worn)
 p - a +1 scale mail (worn)
 u - the +0 pair of gloves of Pan-Flutes {Regen+ Str-4 Dex+5 Stlth+}
   (You found it on level 3 of the Dungeon)

   Str-4:     It affects your strength (-4).
   Dex+5:     It affects your dexterity (+5).
   Regen+:    It increases your rate of health regeneration.
   Stlth+:    It makes you more stealthy.
 A - a +0 buckler
Jewellery
 n - a ring of flight (right hand)
 q - a +6 ring of strength (left hand)
 w - a ring of magical power
 y - an amulet of faith
 C - a +6 ring of intelligence
Talismans
 c - a beast talisman
 d - a flux talisman (active)
Wands
 m - a wand of flame (20)
Scrolls
 g - a scroll of summoning {unknown}
 i - 2 scrolls of enchant armour
 j - a scroll of vulnerability
 r - 2 scrolls of immolation {unknown}
 s - a scroll of poison
 t - a scroll of revelation {unknown}
 v - a scroll of torment
 z - 2 scrolls of noise
 B - a scroll of identify
Potions
 f - a potion of magic
 h - a potion of heal wounds
 k - a potion of might
 l - 2 potions of enlightenment
 x - a potion of berserk rage {unknown}


   Skills:
 + Level 7.1 Fighting
 - Level 1.7 Dodging
 * Level 12.6 Unarmed Combat
 + Level 6.5 Shapeshifting


You had 8 spell levels left.
You didn't know any spells.
Your spell library contained the following spells:

 Spells                   Type           Power      Damage    Failure   Level
 Kiss of Death            Conj/Necr      0%         2d5       63%         1
 Blink                    Tloc           0%         N/A       77%         2
 Lesser Beckoning         Tloc           0%         N/A       77%         2
 Call Canine Familiar     Summ           0%         N/A       94%         3
 Confusing Touch          Hex            0%         N/A       94%         3
 Gell's Gravitas          Tloc           0%         N/A       94%         3
 Sigil of Binding         Hex            0%         N/A       94%         3
 Teleport Other           Tloc           0%         N/A       94%         3
 Dimensional Bullseye     Hex/Tloc       0%         N/A       100%        4
 Dispel Undead            Necr           0%         3d6       100%        4
 Leda's Liquefaction      Hex/Erth       0%         N/A       100%        4
 Manifold Assault         Tloc           0%         N/A       100%        4


Dungeon Overview and Level Annotations

Branches:
Dungeon (8/15)
 Temple: D:4-7         Lair: D:8-11

Altars:

Shops:
D:8 (

Annotations:
D:5 Pikel
D:7 Joseph


Innate Abilities, Weirdness & Mutations

You are something dangerously unstable.
You glow with magical radiation, making you easy to see and hit.
Foes you strike become dangerously contaminated with magical radiation.
Your maximum health is decreased, since you lack skill for your form.
You are incapable of wielding weapons or throwing items.
You have a pair of antennae on your head.
A weak demonic guardian rushes to your aid.


Message History

a +0 hand axe; a +0 robe; a +0 dagger
Aiming: Throw Flame
Press: ? - help, Shift-Dir - straight line, f - ogre
Aim: an ogre, wielding a +0 giant club (severely wounded, 85% to hit)
The puff of flame hits the ogre!
You kill the ogre!
You start resting.
You start resting.
You start resting.
A phantom comes into view.
A phantom is nearby!
A phantom is nearby!
A phantom is nearby!
Joseph shouts!
Joseph unwields a +2 spectral quarterstaff.
Joseph wields a +0 sling.
Joseph shoots a sling bullet.
The sling bullet hits you!
You barely miss the phantom. The phantom hits you.
The phantom blinks!
You blink.
You punch the phantom!
The phantom begins to glow.
The phantom is heavily damaged.
You hit the phantom.
The phantom glows dangerously bright.
The phantom is severely damaged.
The phantom barely misses you.
Joseph shoots a sling bullet.
The sling bullet hits you!
You are too injured to fight recklessly!
You are too injured to fight recklessly!
You are too injured to fight recklessly!
You hit the phantom.
The phantom shudders as magic cascades through it!!
You destroy the phantom!
Joseph says, "I'm here to kill trespassers.
I like my job."
Joseph shoots a sling bullet.
The sling bullet hits you!
* * * LOW HITPOINT WARNING * * *
Joseph unwields a +0 sling.
Joseph wields a +2 spectral quarterstaff.
Joseph hits you with a +2 spectral quarterstaff!
* * * LOW HITPOINT WARNING * * *
A demonic guardian appears!
The +2 spectral quarterstaff hits you!
You die...

#..#####....#>###.## #.##
####.#...#..## #.# #)###.....#
##.# #)# #.....# #..#
##.####....# ..## #.)........#
#.## #...)..)...# #..#
#.)...)5...# ##)# #...[.p()..##
##.#########.)##@###..## #
......................... .
~~~~~~~~~~≈≈~≈....~~~~≈~~ ~
≈~≈≈≈≈≈≈~≈≈≈≈~....~≈~~≈≈≈ ≈
##~≈~≈~~~≈≈~~~))..~~~≈≈~≈ ###
o#................)..... #..
o#############''''#############..
'# ......#...§#...........#'#


You could see Joseph (ally target), a +2 spectral quarterstaff (wandering) and a
friendly ufetubus (summoned).

Vanquished Creatures
  A two-headed ogre (D:8)
  Prince Ribbit (D:5)
  Eustachio (D:3)
  A steam dragon (D:8)
  2 water moccasins (D:7)
  Duvessa (D:5)
  A sky beast (D:8)
  4 ogres
  A kobold brigand (D:7)
  2 phantoms
  2 bullfrogs
  2 gnoll sergeants (D:7)
  Dowan (D:5)
  4 howler monkeys
  4 hounds
  A jelly (D:8)
  7 orc priests
  4 gnoll boudas (D:7)
  A sleepcap (D:3)
  3 orc wizards (D:7)
  4 adders
  11 gnolls
  2 shadow imps
  3 white imps
  A worm (D:3)
  2 dart slugs
  28 orcs
  6 endoplasms
  8 goblins
  9 hobgoblins
  2 jackals (D:3)
  A quokka (D:4)
  5 ball pythons
  4 bats
  3 frilled lizards
  7 kobolds
  3 rats
143 creatures vanquished.

Vanquished Creatures (collateral kills)
  A water moccasin (D:8)
  Robin (D:4)
  A shadow imp (D:5)
  3 orcs
  An endoplasm (D:4)
  A goblin (D:4)
  A hobgoblin (D:4)
  A frilled lizard (D:1)
10 creatures vanquished.

Grand Total: 153 creatures vanquished

Notes
Turn   | Place    | Note
-------+----------+-------------------------------------------
     0 | D:1      | runemasterragnar the Demonspawn Shapeshifter began the
                  | quest for the Orb.
     0 | D:1      | Reached XP level 1. HP: 15/15 MP: 1/1
   353 | D:1      | Gained mutation: A weak demonic guardian rushes to your
                  | aid. [demonic ancestry]
   353 | D:1      | Reached XP level 2. HP: 21/21 MP: 2/2
   484 | D:1      | Reached skill level 3 in Unarmed Combat
  1118 | D:2      | Reached XP level 3. HP: 27/27 MP: 3/3
  1933 | D:3      | Identified the +0 pair of gloves of Pan-Flutes {Regen+
                  | Str-4 Dex+5 Stlth+}
  2414 | D:3      | Reached XP level 4. HP: 19/34 MP: 4/4
  2843 | D:3      | Identified a scroll of acquirement
  2843 | D:3      | Acquired a manual of Unarmed Combat
  2918 | D:4      | Noticed Eustachio
  3181 | D:3      | HP: 2/51 [river rat[Eustachio] (3)]
  3217 | D:3      | Killed Eustachio
  3218 | D:3      | Reached skill level 4 in Unarmed Combat
  3218 | D:3      | Reached XP level 5. HP: 12/41 MP: 5/5
  3459 | D:3      | Reached skill level 5 in Unarmed Combat
  3656 | D:4      | HP: 2/41 [gnoll/+0 whip (4)]
  3665 | D:4      | HP: 3/61 [gnoll/+0 whip (2)]
  3680 | D:4      | Gained mutation: You have a pair of small antennae on your
                  | head. [demonic ancestry]
  3680 | D:4      | Reached XP level 6. HP: 4/47 MP: 6/6
  4410 | D:4      | Reached skill level 6 in Unarmed Combat
  4447 | D:4      | Noticed Robin
  4460 | D:4      | Killed Robin
  4852 | D:4      | Reached XP level 7. HP: 38/53 MP: 7/7
  5018 | D:5      | Entered Level 5 of the Dungeon
  5275 | D:5      | Noticed Pikel
  5305 | D:4      | Reached skill level 7 in Unarmed Combat
  5386 | D:5      | Noticed Dowan
  5387 | D:5      | Noticed Duvessa
  5398 | D:5      | Killed Duvessa
  5413 | D:5      | Killed Dowan
  5762 | D:5      | Noticed Prince Ribbit
  5774 | D:5      | Killed Prince Ribbit
  5775 | D:5      | Reached skill level 8 in Unarmed Combat
  5775 | D:5      | Gained mutation: You have a pair of antennae on your head.
                  | [demonic ancestry]
  5775 | D:5      | Reached XP level 8. HP: 43/61 MP: 8/8
  5927 | D:5      | You fall into a shaft and drop 2 floors!
  5969 | D:7      | Reached skill level 5 in Fighting
  5969 | D:7      | Reached skill level 9 in Unarmed Combat
  5969 | D:7      | Reached skill level 5 in Shapeshifting
  6298 | D:7      | Noticed Joseph
  6374 | D:7      | Reached skill level 10 in Unarmed Combat
  6614 | D:8      | Found Fopyot's Weapon Emporium.
  7081 | D:8      | Noticed a two-headed ogre
  7092 | D:8      | Killed a two-headed ogre
  7093 | D:8      | Reached skill level 11 in Unarmed Combat
  7093 | D:8      | Reached XP level 9. HP: 39/71 MP: 9/9
  7876 | D:7      | Reached skill level 12 in Unarmed Combat
  8383 | D:7      | Mangled by a +2 spectral quarterstaff

Illustrated notes

Levels and vault maps discovered:
D:1:      lightli_arrival_noodles, layout_basic, minmay_split_cup_large
D:2:      wander_river, layout_basic
D:3:      layout_loops_corners
D:4:      wad_crossroads, layout_loops_ring, uniq_eustachio, uniq_robin
D:5:      layout_gridville, uniq_pikel, uniq_duvessa, uniq_prince_ribbit1
D:7:      lemuel_castle_with_subvaults [lemuel_castle_interior_carwin_1],
          layout_rooms, mainiacjoe_overflow_catwalk_spiral, uniq_joseph
D:8:      layout_cave_pods, serial_shops, nicolae_take_the_stairs

Skill      XL: |  1  2  3  4  5  6  7  8  9 |
---------------+----------------------------+-----
Unarmed Combat | 3 4 5 6 8 11 12 | 12.6
Shapeshifting  | 3 4 6 |  6.5
Fighting       | 2 3 4 6 7 |  7.1
Dodging        | |  1.7

Action                     |  1- 3 |  4- 6 |  7- 9 || total
---------------------------+-------+-------+-------++-------
  Melee: Long sword        |    99 |    95 |    40 ||   234
         Unarmed           |     6 |    74 |   244 ||   324
         Punch             |     2 |     2 |     7 ||    11
         Dagger            |       |       |     8 ||     8
  Evoke: Wand              |       |       |     1 ||     1
    Use: Scroll            |     3 |     3 |     2 ||     8
         Potion            |     1 |    10 |     2 ||    13
 Armour: Animal skin       |    29 |       |       ||    29
         Scale mail        |    31 |   177 |   221 ||   429
         Skin              |       |    93 |    14 ||   107
  Dodge: Dodged            |    81 |   110 |   134 ||   325
   Form: Flux              |       |       |     1 ||     1

Table legend: (Time is in decaauts)
 A = Elapsed time spent in this place.
 B = Non-inter-level travel time spent in this place.
 C = Inter-level travel time spent in this place.
 D = Time resting spent in this place.
 E = Time spent auto-exploring this place.
 F = Levels seen in this place.
 G = Mean time per level.
                   A        B        C        D        E       F      G
               +--------+--------+--------+--------+--------+-----+--------+
         Total |   8436 |   8141 |    295 |   1757 |   4955 |   7 | 1205.1 |
       Dungeon |   8436 |   8141 |    295 |   1757 |   4955 |   7 | 1205.1 |
               +--------+--------+--------+--------+--------+-----+--------+

Top non-repeatable levels by time:
     D:3: 1783 daAuts
     D:4: 1577 daAuts
     D:8: 1334 daAuts
     D:1: 1084 daAuts
     D:7: 1083 daAuts
     D:2: 848 daAuts
     D:5: 725 daAuts
